 Dungeon Crawl Stone Soup version 0.27-a0-109-g416527ed24 (webtiles) character file.

Game seed: 8949585466333117612

18 sahdkjhfkaj the Chopper (level 2, 27/27 HPs)
             Began as a Hill Orc Monk on Jan 25, 2021.
             Quit the game on level 1 of the Dungeon.
             The game lasted 00:00:58 (1085 turns).

sahdkjhfkaj the Chopper (Hill Orc Monk)             Turns: 1085, Time: 00:00:58

Health: 27/27      AC:  2    Str: 13    XL:     2   Next: 70%
Magic:  2/2        EV: 13    Int: 10    God:
Gold:   46         SH:  0    Dex: 13    Spells: 1/1 levels left

rFire    . . .     SeeInvis .   a - +0 hand axe
rCold    . . .     Faith    .   (no shield)
rNeg     . . .     Spirit   .   b - +0 robe
rPois    .         Reflect  .   (no helmet)
rElec    .         Harm     .   (no cloak)
rCorr    .         Rampage  .   (no gloves)
Will     .....                  (no boots)
Stlth    ++........             (no amulet)
HPRegen  0.09/turn              (no ring)
MPRegen  0.08/turn              (no ring)

@: no status effects
A: no striking features
a: no special abilities


You were on level 1 of the Dungeon.
You visited 1 branch of the dungeon, and saw 1 of its levels.

You collected 46 gold pieces.

Inventory:

Hand Weapons
 a - a +0 hand axe (weapon)
Armour
 b - a +0 robe (worn)
Scrolls
 c - a scroll of magic mapping {unknown}
 d - 2 scrolls of noise {unknown}
 e - a scroll of random uselessness {unknown}


   Skills:
 + Level 3.9 Fighting
 + Level 4.3 Axes
 + Level 2.6 Dodging
 + Level 1.9 Stealth


You had one spell level left.
You didn't know any spells.
Your spell library was empty.

Dungeon Overview and Level Annotations

Branches:
Dungeon (1/15)

Altars:


Message History

Welcome back, sahdkjhfkaj the Hill Orc Monk.
Press ? for a list of commands and other information.
Unknown command.
Saving game... please wait.
Options error: Invalid setting for tile_player_tile: "mons:" (~/.crawlrc:2) Welcome back, sahdkjhfkaj the Hill Orc Monk.
Press ? for a list of commands and other information.
Saving game... please wait.
Options error: Invalid setting for tile_player_tile: "mons:" (~/.crawlrc:2) Welcome back, sahdkjhfkaj the Hill Orc Monk.
Press ? for a list of commands and other information.
Saving game... please wait.
Options error: Invalid setting for tile_player_tile: "mons:" (~/.crawlrc:2) Welcome back, sahdkjhfkaj the Hill Orc Monk.
Press ? for a list of commands and other information.
Saving game... please wait.
Options error: Invalid setting for tile_player_tile: "mons:" (~/.crawlrc:2) Welcome back, sahdkjhfkaj the Hill Orc Monk.
Press ? for a list of commands and other information.
Are you sure you want to abandon this character and quit the game? (Confirm with "yes".)

###...## 8##...#
......## ..รท...8#
......## 8###8##
##
################
.###
#............#
...#
#.########@###
##.# #.#......#.#
...# #.#.####.#.#
...# #.#......#.#
...# #.#.#....#.#
#..####.#.#....#.#
#..............#.#
#.#####.#...#..#.#
#)........######.#


There were no monsters in sight!

Vanquished Creatures
  A leopard gecko (D:1)
  4 bats (D:1)
  A giant cockroach (D:1)
  3 goblins (D:1)
  2 hobgoblins (D:1)
  A frilled lizard (D:1)
  2 kobolds (D:1)
  2 rats (D:1)
16 creatures vanquished.

Notes
Turn   | Place    | Note
-------+----------+-------------------------------------------
     0 | D:1      | sahdkjhfkaj the Hill Orc Monk began the quest for the Orb.
     0 | D:1      | Reached XP level 1. HP: 19/19 MP: 1/1
   408 | D:1      | Reached XP level 2. HP: 19/27 MP: 2/2
  1085 | D:1      | Quit the game

Illustrated notes

Levels and vault maps discovered:
D:1:      dpeg_arrival_fog, layout_basic, serial_corexii_hall,
          corexii_hall_statues_l, corexii_hall_statues_x

Action                   || total
-------------------------++-------
Melee: Hand axe          ||    69
 Stab: Sleeping          ||     2
Armor: Robe              ||    13
Dodge: Dodged            ||    42

Table legend: (Time is in decaauts)
 A = Elapsed time spent in this place.
 B = Non-inter-level travel time spent in this place.
 C = Inter-level travel time spent in this place.
 D = Time resting spent in this place.
 E = Time spent auto-exploring this place.
 F = Levels seen in this place.
 G = Mean time per level.
                   A        B        C        D        E       F      G
               +--------+--------+--------+--------+--------+-----+--------+
         Total |   1091 |   1091 |      0 |      0 |    962 |   1 | 1091.0 |
       Dungeon |   1091 |   1091 |      0 |      0 |    962 |   1 | 1091.0 |
               +--------+--------+--------+--------+--------+-----+--------+

Top non-repeatable levels by time:
     D:1: 1091 daAuts
